 Dungeon Crawl Stone Soup version 0.19-a0-526-gbe2e51c (webtiles) character file.

189 tyrsky the Conjurer (level 5, -6/28 HPs)
             Began as a Tengu Conjurer on June 7, 2016.
             Was a Follower of Cheibriados.
             Mangled by an ogre
             ... wielding a +0 giant spiked club
              (19 damage)
             ... on level 3 of the Dungeon.
             The game lasted 00:08:16 (2075 turns).

tyrsky the Conjurer (Tengu Conjurer)                Turns: 2075, Time: 00:08:17

Health: -6/28      AC:  3    Str: 11    XL:     5   Next: 68%
Magic:  2/10       EV: 13    Int: 17    God:    Cheibriados [*.....]
Gold:   75         SH:  0    Dex: 17    Spells: 2 memorised, 5 levels left

rFire  . . .     SeeInvis .       - Unarmed
rCold  . . .     Gourm    .     a - +0 robe
rNeg   . . .     Faith    .     (no shield)
rPois  .         Spirit   .     (helmet restricted)
rElec  .         Dismiss  .     g - +0 cloak (curse)
rCorr  .         Reflect  .     (no gloves)
SustAt .         Harm     .     (boots unavailable)
MR     .....                    (no amulet)
Stlth  ++........               (no ring)
                                (no ring)

@: very slightly contaminated, very slow, not resistant to hostile enchantments,
unstealthy
A: beak, talons 3, able to fly 1
a: Fly, Bend Time, Renounce Religion


You were on level 3 of the Dungeon.
You worshipped Cheibriados.
Cheibriados was aware of your devotion.
You were very hungry.

You visited 1 branch of the dungeon, and saw 4 of its levels.

You collected 75 gold pieces.

Inventory:

Missiles
 d - 106 stones (quivered)
Armour
 a - a +0 robe (worn)
 g - a cursed +0 cloak (worn)
Jewellery
 l - an uncursed ring of flight {unknown}
Scrolls
 e - 4 scrolls of recharging {unknown}
 f - 3 scrolls of remove curse {unknown}
 j - 2 scrolls of enchant weapon {unknown}
 k - 3 scrolls of identify {unknown}
 n - 2 scrolls of immolation {unknown}
 o - a scroll of random uselessness {unknown}
Potions
 h - a potion of cure mutation {unknown}
 i - a potion of curing {unknown}
 m - 3 potions of heal wounds {unknown}
 p - 3 potions of ambrosia {unknown}
 q - a potion of magic {unknown}
 s - a potion of agility {unknown}
Books
 b - a book of Conjurations

   Spells                             Type                      Level
   a - Magic Dart                     Conjuration                  1
   b - Searing Ray                    Conjuration                  2
   c - Dazzling Spray                 Conjuration/Hexes            3
   d - Fulminant Prism                Conjuration/Hexes            4
   e - Iskenderun's Mystic Blast      Conjuration                  4
   f - Iskenderun's Battlesphere      Conjuration/Charms           5
Comestibles
 c - 4 bread rations


   Skills:
 + Level 3.0 Dodging
 + Level 3.0 Stealth
 + Level 2.1 Unarmed Combat
 * Level 3.0 Spellcasting
 * Level 6.2 Conjurations
 * Level 0.9 Hexes


You had 5 spell levels left.
You knew the following spells:

 Your Spells              Type           Power        Failure   Level  Hunger
a - Magic Dart            Conj           ###.         1%          1    None
b - Fulminant Prism       Conj/Hex       ##........   45%         4    ####...


Dungeon Overview and Level Annotations

Branches:
Dungeon (4/15)
 Temple: D:4-7

Altars:
Cheibriados
The Shining One


Innate Abilities, Weirdness & Mutations

You have a beak for a mouth.
You have claws for feet.
You can fly.


Message History

Nothing appears to happen.
You fail to use your ability.
The ogre closely misses you.
You fail to use your ability.
The ogre closely misses you.
You fail to use your ability.
The ogre hits you with a giant spiked club!
Ouch! That really hurt!
The flow of time bends around you.
The ogre resists with some effort.
You feel slightly more hungry.
A giant gecko comes into view.
The ogre closely misses you.
There is a stone staircase leading up here.
The ogre barely misses you.
You climb upwards.
There is a stone staircase leading down here.
The orc shouts!
The ogre misses you.
You don't have enough magic at the moment.
The ogre hits you with a giant spiked club!!
Ouch! That really hurt!
You die...

#.....# #.....# #.....# #.....#
#.....# #.....# ###.....# ###
#.......## #.. #.#####Q.# #.# #.
##O# #.# #.# #.### #.# #..###
#.o.###########.. #...#
###.>o...........
#############.###....###..#####..
#..........#......#..##..## ##.
#............##.###.....## ##
#..........####†# #..#### ##


You could see an ogre and an orc.

Vanquished Creatures
  A howler monkey (D:4)
  An iguana (D:4)
  3 gnolls (D:3)
  An adder (D:4)
  An ooze (D:1)
  2 dart slugs
  3 giant geckos
  2 orcs (D:3)
  5 giant cockroaches
  9 goblins
  11 hobgoblins
  5 jackals
  7 kobolds
  A quokka (D:2)
  7 bats
  3 giant newts
  7 rats
69 creatures vanquished.

Vanquished Creatures (others)
  3 fulminant prisms (D:4)
3 creatures vanquished.

Grand Total: 72 creatures vanquished

Notes
Turn   | Place    | Note
--------------------------------------------------------------
     0 | D:1      | tyrsky the Tengu Conjurer began the quest for the Orb.
     0 | D:1      | Reached XP level 1. HP: 10/10 MP: 4/4
    97 | D:1      | Reached XP level 2. HP: 14/15 MP: 0/6
   177 | D:1      | Found a glowing golden altar of the Shining One.
   368 | D:1      | Reached XP level 3. HP: 19/19 MP: 0/7
   929 | D:2      | Found a glowing golden altar of the Shining One.
   930 | D:2      | Reached skill level 1 in Unarmed Combat
  1105 | D:3      | Reached XP level 4. HP: 24/24 MP: 0/8
  1111 | D:3      | Learned a level 4 spell: Fulminant Prism
  1330 | D:4      | Reached skill level 6 in Conjurations
  1330 | D:4      | Gained mutation: You can fly. [Tengu growth]
  1330 | D:4      | Reached XP level 5. HP: 26/28 MP: 1/10
  1354 | D:4      | Noticed an ogre
  1436 | D:2      | Found a snail-covered altar of Cheibriados.
  1453 | D:2      | Became a worshipper of Cheibriados the Contemplative
  1719 | D:3      | Reached * piety under Cheibriados
  1807 | D:3      | Found a faded altar of an unknown god.
  2075 | D:3      | Mangled by an ogre

Vault maps used:
D:1:      saegor_arrival_simple_b, serial_forest,
          infiniplex_forest_clump_double, infiniplex_forest_end_2,
          infiniplex_forest_zigzag_1, infiniplex_forest_lined_ring,
          infiniplex_forest_zigzag_1, tso_metal_star
D:2:      overflow_temple_1_default, cheibriados_altar_1
D:3:      ecumenical_altar_1
D:4:      minmay_temple_entry_butterflies

Skill      XL: |  1  2  3  4  5 |
---------------+----------------+-----
Unarmed Combat | 1 2 |  2.1
Conjurations   | 6 |  6.2
Dodging        | 3 |  3.0
Spellcasting   | 3 |  3.0
Stealth        | 3 |  3.0
Hexes          | |  0.9

Action                   |  1- 3 |  4- 6 || total
-------------------------+-------+-------++-------
Melee: Unarmed           |    33 |    12 ||    45
       Peck              |     4 |     2 ||     6
       Kick              |     6 |     5 ||    11
       Punch             |       |     1 ||     1
Throw: Stone             |    15 |     1 ||    16
 Cast: Magic Dart        |    80 |    71 ||   151
       Fulminant Prism   |       |     3 ||     3
Invok: Bend Time         |       |     1 ||     1
 Stab: Sleeping          |     1 |       ||     1
  Eat: Chunk             |     2 |     2 ||     4
Armor: Robe              |     5 |     7 ||    12
Dodge: Dodged            |    23 |    19 ||    42
